 Seeded DCSS version 0.31.0-32-g396128a36d (webtiles) character file.

Game seed: 9345697843953131518 (custom seed)

107 timneilson the Sneak (level 5, -14/31 HPs)
             Began as a Kobold Enchanter on Mar 30, 2024.
             Demolished by Crazy Yiuf
             ... wielding a +3 quarterstaff of chaos
              (17 damage)
             ... on level 3 of the Dungeon.
             The game lasted 00:05:03 (2413 turns).

timneilson the Sneak (Kobold Enchanter)             Turns: 2413, Time: 00:05:06

Health: -14/31     AC:  0    Str:  4    XL:     5   Next: 11%
Magic:  8/8        EV: 16    Int: 21    God:
Gold:   174        SH:  0    Dex: 16    Spells: 8/8 levels left

rFire   . . .        m - +1 dagger (venom)
rCold   . . .        (no shield)
rNeg    . . .        b - +0 robe
rPois   .            (no helmet)
rElec   .            (no cloak)
rCorr   .            d - +1 pair of gloves
SInv    .            (no boots)
Will    .....        (no amulet)
Stlth   ++++         (no ring)
HPRegen 0.25/turn    (no ring)
MPRegen 0.11/turn

%: no passive effects
@: lethally poisoned (-14 -> -21), corroded
A: small, no large weapons, nightstalker 3, clever 1, robust 1
a: no special abilities


You were on level 3 of the Dungeon.
You visited 1 branch of the dungeon, and saw 3 of its levels.

You collected 174 gold pieces.

Inventory:

Hand Weapons
 m - a +1 dagger of venom (weapon)
Missiles
 g - a throwing net (quivered)
 h - 11 poisoned darts
Armour
 b - a +0 robe (worn)
 d - a +1 pair of gloves (worn)
Scrolls
 i - 4 scrolls of enchant weapon {unknown}
 k - 2 scrolls of identify
 l - a scroll of amnesia
Potions
 c - 2 potions of invisibility
 e - a potion of resistance
 f - 2 potions of curing {unknown}
 j - a potion of lignification {unknown}


   Skills:
 + Level 1.5 Fighting
 * Level 3.3 Short Blades
 + Level 1.1 Armour
 * Level 3.7 Dodging
 + Level 4.6 Stealth
 - Level 2.1 Spellcasting
 - Level 3.0 Hexes


You had 8 spell levels left.
You didn't know any spells.
Your spell library contained the following spells:

 Spells                   Type           Power      Damage    Failure   Level
 Ensorcelled Hibernation  Hex/Ice        16%        N/A       12%         2
 Confusing Touch          Hex            14%        N/A       13%         3
 Tukima's Dance           Hex            14%        N/A       13%         3
 Dazzling Flash           Conj/Hex       16%        N/A       24%         3
 Cause Fear               Hex            7%         N/A       38%         4
 Gell's Gravitas          Tloc           2%         N/A       41%         3
 Teleport Other           Tloc           2%         N/A       41%         3
 Volatile Blastmotes      Fire/Tloc      4%         2d10      41%         3
 Anguish                  Hex/Necr       4%         N/A       61%         4
 Fulminant Prism          Conj/Alch      1%         3d5       82%         4
 Iskenderun's Mystic Bla  Conj/Tloc      2%         2d3       82%         4
 Dispersal                Tloc           1%         N/A       100%        6
 Enfeeble                 Hex            7%         N/A       100%        7


Dungeon Overview and Level Annotations

Branches:
Dungeon (3/15)

Altars:
Vehumet
Xom

Shops:
D:2 (

Annotations:
D:3 Crazy Yiuf


Innate Abilities, Weirdness & Mutations

You are small and have problems with some larger weapons.
You are completely attuned to the shadows.
Your mind is acute. (Int +4, Str/Dex -1)
You are robust. (+10% HP)


Message History

There is an open door here.
Things that are here:
a +0 short sword; a kobold skeleton
There is a stone staircase leading down here.
Crazy Yiuf shouts!
You open the door. You hit Crazy Yiuf but do no damage.
Crazy Yiuf is poisoned.
Crazy Yiuf closely misses you.
You hit Crazy Yiuf but do no damage.
Crazy Yiuf looks as sick as possible!
Crazy Yiuf barely misses you.
You hit Crazy Yiuf but do no damage.
Crazy Yiuf looks as sick as possible!
Crazy Yiuf is lightly wounded.
Crazy Yiuf closely misses you.
You hit Crazy Yiuf.
Crazy Yiuf looks as sick as possible!
Crazy Yiuf is heavily wounded.
You hit Crazy Yiuf.
Crazy Yiuf looks as sick as possible!
Crazy Yiuf is heavily wounded.
Crazy Yiuf barely misses you.
You barely miss Crazy Yiuf.
Crazy Yiuf is heavily wounded.
Crazy Yiuf grits, "Mama bush disdain!"
Crazy Yiuf hits you with a +3 quarterstaff of chaos!
You completely miss Crazy Yiuf.
Crazy Yiuf is heavily wounded.
Crazy Yiuf says, "Announcement!
Liver snockshim ladder."
Crazy Yiuf hits you with a +3 quarterstaff of chaos.
You are poisoned.
You barely miss Crazy Yiuf.
Crazy Yiuf is almost dead.
You feel very sick.
Crazy Yiuf hits you with a +3 quarterstaff of chaos!
* * * LOW HITPOINT WARNING * * *
The acid corrodes you!
It was a potion of mutation.
You feel extremely strange.
You feel robust.
You feel clever.
* * * LOW HITPOINT WARNING * * *
You feel sick.
Crazy Yiuf hits you with a +3 quarterstaff of chaos!
Ouch! That really hurt!
You die...

#####.####
#.......# #.# #
......# #.#######
#.# # ####### #.#
#.# # ##### ###
#.# # ....# #.####
###.#
♣♣♣♣♣#####.....
###.# ##
♣♣♣.♣..+.##..###.
<...#
...#♣..♣......#.##
#. #####
...g@♣♣♣♣♣......#
#. )..#♣♣ ♣.+..###
#. ########## ##
♣♣#### #.
.........# #.
#..####### #. #..#
############### #.
#..#
#........†....#
##. #..#
#..#######.##.#
###.. #..# #..#
#.##.# #....


You could see Crazy Yiuf (extremely poisoned).

Vanquished Creatures
  A jelly (D:3)
  An adder (D:2)
  2 dart slugs
  A ribbon worm (D:2)
  6 endoplasms
  5 giant cockroaches
  4 goblins
  6 hobgoblins
  2 jackals (D:2)
  5 kobolds
  4 quokkas
  6 ball pythons
  4 bats
  5 frilled lizards
  8 rats
60 creatures vanquished.

Notes
Turn   | Place    | Note
-------+----------+-------------------------------------------
     0 | D:1      | timneilson the Kobold Enchanter began the quest for the
                  | Orb.
     0 | D:1      | Reached XP level 1. HP: 10/10 MP: 3/3
   225 | D:1      | Reached XP level 2. HP: 16/16 MP: 5/5
   815 | D:2      | Reached XP level 3. HP: 20/20 MP: 6/6
   845 | D:2      | Reached skill level 1 in Fighting
  1106 | D:2      | Reached XP level 4. HP: 20/25 MP: 7/7
  1332 | D:2      | Found Qaritown's Weapon Shoppe.
  1562 | D:3      | Found a shimmering altar of Xom.
  1717 | D:3      | Reached skill level 1 in Armour
  1809 | D:3      | Found a runed translucent door.
  1812 | D:3      | Noticed Crazy Yiuf
  1977 | D:3      | Reached XP level 5. HP: 29/29 MP: 8/8
  2235 | D:3      | Found a faded altar of an unknown god.
  2236 | D:3      | Found a radiant altar of Vehumet.
  2413 | D:3      | Gained mutation: You are robust. (+10% HP) [potion of
                  | mutation]
  2413 | D:3      | Gained mutation: Your mind is acute. (Int +4, Str/Dex -1)
                  | [potion of mutation]
  2413 | D:3      | Demolished by Crazy Yiuf

Illustrated notes

Levels and vault maps discovered:
D:1:      evilmike_arrival_crescent, layout_loops_cross,
          nicolae_concentric_dashed_squares_wild
D:2:      layout_rooms, serial_shops, nicolae_shop_bloodbath_and_beyond
D:3:      layout_loops_ring, nicolae_overflow_ecumenical_swirl,
          mainiacjoe_overflow_catwalk, uniq_crazy_yiuf_cottage

Skill      XL: |  1  2  3  4 |
---------------+-------------+-----
Short Blades   | 2 3 |  3.3
Dodging        | 3 |  3.7
Fighting       | 1 |  1.5
Armour         | 1 |  1.1
Stealth        | |  4.6
Spellcasting   | |  2.1
Hexes          | |  3.0

Action                     |  1- 3 |  4- 6 || total
---------------------------+-------+-------++-------
  Melee: Dagger            |    97 |    55 ||   152
         Punch             |     2 |     1 ||     3
    Use: Scroll            |     2 |     4 ||     6
         Potion            |       |     1 ||     1
   Stab: Sleeping          |    17 |    14 ||    31
         Distracted        |       |     1 ||     1
 Armour: Robe              |    25 |    20 ||    45
  Dodge: Dodged            |    76 |    30 ||   106
